 Dungeon Crawl Stone Soup version 0.23.2-30-g0e89c35649 (webtiles) character file.

Game seed: 17499084368087709416

4610 Brecoman the Fighter (level 10, 0/85 HPs)
             Began as a Barachi Fighter on June 15, 2019.
             Was a Believer of Cheibriados.
             Slain by a slime creature (9 damage)
             ... on level 9 of the Dungeon.
             The game lasted 00:28:59 (10606 turns).

Brecoman the Fighter (Barachi Fighter)             Turns: 10606, Time: 00:29:02

Health: 0/85       AC: 16    Str: 25    XL:     10   Next: 42%
Magic:  5/13       EV:  7    Int: 15    God:    Cheibriados [**....]
Gold:   620        SH: 10    Dex: 18    Spells: 9/9 levels left

rFire    . . .     SeeInvis .   a - +1 long sword
rCold    . . .     Gourm    .   c - +0 shield
rNeg     . . .     Faith    .   H - +1 scale mail {MR+}
rPois    .         Spirit   .   J - +0 helmet
rElec    .         Reflect  .   s - +1 cloak {+Inv}
rCorr    .         Harm     .   l - +0 pair of gloves "Pazoy" {Int+2}
MR       +....                  k - +0 pair of boots
Stlth    ..........             b - amulet of the acrobat
HPRegen  0.24/turn              (no ring)
MPRegen  0.13/turn              (no ring)

@: can't hop, very slow
A: +LOS, swims, slowness 1, strong legs 1
a: Hop, Bend Time, Renounce Religion, Evoke Invisibility


You were on level 9 of the Dungeon.
You worshipped Cheibriados.
Cheibriados was pleased with you.
You were very hungry.

You visited 2 branches of the dungeon, and saw 10 of its levels.

You collected 620 gold pieces.

Inventory:

Hand Weapons
 a - a +1 long sword (weapon)
 w - the +0 mace of a Labyrinth {flame, rPois}
   (You found it on level 5 of the Dungeon)

   It has been specially enchanted to burn those struck by it, causing extra
   injury to most foes and up to half again as much damage against particularly
   susceptible opponents.
   It protects you from poison.
 y - the +1 mace of Bedikkifo {drain, Int+5}
   (You found it on level 5 of the Dungeon)

   A truly terrible weapon, it drains the life of those it strikes.
   It affects your intelligence (+5).
Missiles
 h - 252 stones (quivered)
 x - a throwing net
Armour
 c - a +0 shield (worn)
 i - a +0 plate armour
 k - a +0 pair of boots (worn)
 l - the +0 pair of gloves "Pazoy" (worn) {Int+2}
   (You found it on level 5 of the Dungeon)

   It affects your intelligence (+2).
 p - a +0 pair of gloves
 q - a +0 chain mail
 s - a +1 cloak of invisibility (worn)
 H - a +1 scale mail of magic resistance (worn)
 J - a +0 helmet (worn)
Jewellery
 b - an amulet of the acrobat (around neck)
Wands
 m - a wand of scattershot (4)
 o - a wand of iceblast (4)
 u - a wand of paralysis (17)
Scrolls
 e - 5 scrolls of remove curse
 A - a scroll of enchant weapon
 B - 2 scrolls of blinking
 D - 4 scrolls of identify
 E - a scroll of fear {unknown}
 F - 2 scrolls of teleportation {unknown}
 I - a scroll of immolation {unknown}
 K - a scroll of magic mapping
 L - a scroll of enchant armour {unknown}
Potions
 g - 3 potions of curing
 j - 4 potions of flight
 n - a potion of heal wounds {unknown}
 r - 2 potions of lignification {unknown}
 t - 2 potions of berserk rage {unknown}
 v - 2 potions of agility {unknown}
 z - a potion of magic {unknown}
 C - a potion of invisibility {unknown}
 G - a potion of cancellation {unknown}
Comestibles
 f - 5 rations


   Skills:
 + Level 10.1 Fighting
 + Level 8.8 Long Blades
 - Level 3.6 Maces & Flails
 + Level 10.1 Armour
 - Level 3.2 Shields
 + Level 5.2 Invocations


You had 9 spell levels left.
You didn't know any spells.
Your spell library was empty.

Dungeon Overview and Level Annotations

Branches:
Dungeon (9/15)             Temple (1/1) D:6
   Lair: D:8-11         Orc: D:9-12

Altars:
Cheibriados
Elyvilon
Fedhas
Gozag
Hepliaklqana
Okawaru
Qazlal
Ru
Trog
Uskayaw
Wu Jian
Xom
Zin
The Shining One

Shops:
D:4 (

Annotations:
D:4 Prince Ribbit


Innate Abilities, Weirdness & Mutations

Shadows flee at your approach. (+LOS)
You can swim through water.
You cover ground slowly.
You can hop short distances.


Message History

You block the slime creature's attack.
Two slime creatures merge to form a large slime creature.
The flow of time bends around you.
Cheibriados rebukes the large slime creature.
The large slime creature seems to slow down.
You feel slightly more hungry.
A large slime creature splits.
Two slime creatures merge to form a large slime creature.
The large slime creature is no longer moving slowly.
A large slime creature splits.
The slime creature completely misses you.
You block the slime creature's attack.
There is a stone staircase leading up here.
The flow of time bends around you.
The slime creature resists with some effort.
Cheibriados rebukes the slime creature.
The slime creature seems to slow down.
You feel slightly more hungry. The slime creature hits you!
* * * LOW HITPOINT WARNING * * *
The slime creature hits you!
You die...

.........'....#.....#
.........#....#.....#
.........###'##.....#
.........#..........#
#....#...#..........#
.....#...########+###
.....#..............#
##########.....J....#
#.....J@...#
#....###'###
#....#.....#
#....#.....#
#....###'###
#....#.....#
#....#.....#
############


You could see 2 slime creatures.

Vanquished Creatures
  A two-headed ogre (D:8)
  A cyclops (D:9)
  A slime creature (D:9)
  A hungry ghost (D:8)
  A water moccasin (D:8)
  2 orc warriors
  3 sky beasts (D:7)
  A black bear (D:8)
  A phantom (D:4)
  2 ice beasts (D:7)
  4 centaurs
  3 ogres
  Blork the orc (D:5)
  A big kobold (D:7)
  3 bullfrogs
  2 gnoll sergeants
  5 killer bees (D:6)
  5 wights (D:8)
  2 crimson imps (D:7)
  A centaur zombie (D:5)
  4 orc priests
  3 hounds (D:4)
  Crazy Yiuf (D:5)
  A bullfrog skeleton (D:7)
  3 jellies
  Ijyb (D:5)
  An iguana (D:7)
  A worker ant (D:5)
  3 hound skeletons
  10 gnolls
  2 worker ant zombies
  11 adders
  A shadow imp (D:8)
  An ooze (D:7)
  4 dart slugs
  6 leopard geckos
  15 orcs
  6 bats (D:1)
  7 giant cockroaches
  7 goblins
  4 hobgoblins (D:1)
  6 jackals
  12 kobolds
  2 quokkas
  2 ball pythons
  5 frilled lizards
  A jackal skeleton (D:5)
  5 rats
166 creatures vanquished.

Notes
Turn   | Place    | Note
-------+----------+-------------------------------------------
     0 | D:1      | Brecoman the Barachi Fighter began the quest for the Orb.
     0 | D:1      | Reached XP level 1. HP: 18/18 MP: 1/1
    58 | D:1      | Reached XP level 2. HP: 22/25 MP: 2/2
   697 | D:1      | Reached XP level 3. HP: 30/30 MP: 3/3
  1442 | D:2      | Reached XP level 4. HP: 22/38 MP: 4/4
  2100 | D:3      | Reached XP level 5. HP: 42/43 MP: 5/5
  2420 | D:4      | Reached skill level 5 in Fighting
  2420 | D:4      | Reached skill level 5 in Armour
  2440 | D:4      | Found Fizemoatargh's Weapon Shop.
  2470 | D:4      | Found a blossoming altar of Fedhas.
  2472 | D:4      | Noticed a centaur
  2484 | D:4      | Killed a centaur
  2484 | D:4      | Reached XP level 6. HP: 48/51 MP: 6/6
  3162 | D:4      | Noticed a phantom
  3183 | D:4      | Killed a phantom
  3183 | D:4      | Reached skill level 5 in Long Blades
  3279 | D:5      | Entered Level 5 of the Dungeon
  3374 | D:5      | Noticed Blork the orc
  3386 | D:5      | Killed Blork the orc
  3386 | D:5      | Reached XP level 7. HP: 47/58 MP: 7/7
  4440 | D:5      | Found a runed translucent door.
  4441 | D:5      | Noticed Crazy Yiuf
  4463 | D:5      | Noticed Prince Ribbit
  4807 | D:5      | Noticed Ijyb
  4829 | D:5      | Killed Ijyb
  4851 | D:5      | Got a pair of smoking gloves
  4867 | D:5      | Identified the +0 pair of gloves "Pazoy" {Int+2} (You found
                  | it on level 5 of the Dungeon)
  4951 | D:5      | Killed Crazy Yiuf
  4951 | D:5      | Reached XP level 8. HP: 67/67 MP: 8/8
  4964 | D:5      | Got a translucent mace
  4966 | D:5      | Got a warped mace
  4967 | D:5      | Identified the cursed +0 mace of a Labyrinth {flame, rPois}
                  | (You found it on level 5 of the Dungeon)
  4969 | D:5      | Identified the cursed +1 mace of Bedikkifo {drain, Int+5}
                  | (You found it on level 5 of the Dungeon)
  5080 | D:6      | Found a staircase to the Ecumenical Temple.
  5091 | D:6      | Reached skill level 1 in Maces & Flails
  5098 | Temple   | Entered the Ecumenical Temple
  5164 | Temple   | Became a worshipper of Cheibriados the Contemplative
  6122 | D:5      | Reached skill level 1 in Invocations
  6874 | D:7      | Reached XP level 9. HP: 74/74 MP: 10/10
  6887 | D:7      | Reached * piety under Cheibriados
  7772 | D:7      | Reached ** piety under Cheibriados
  8652 | D:7      | HP: 1/76 [orc warrior/+0 scimitar (11)]
  9204 | D:8      | Found a snail-covered altar of Cheibriados.
  9233 | D:8      | Noticed a two-headed ogre
  9243 | D:8      | HP: 3/77 [two-headed ogre/+0 giant club (5)]
  9246 | D:8      | Killed a two-headed ogre
  9246 | D:8      | Reached XP level 10. HP: 3/85 MP: 13/13
 10215 | D:9      | Reached skill level 5 in Invocations
 10252 | D:9      | Noticed a cyclops
 10274 | D:9      | Killed a cyclops
 10274 | D:9      | Reached skill level 10 in Fighting
 10274 | D:9      | Reached skill level 10 in Armour
 10586 | D:9      | HP: 3/85 [large slime creature (10)]
 10606 | D:9      | Slain by a slime creature

Skill      XL: |  1  2  3  4  5  6  7  8  9 10 |
---------------+-------------------------------+-----
Armour         | 4 5 6 7 8 9 10 | 10.1
Fighting       | 4 5 6 7 8 9 10 | 10.1
Long Blades    | 3 4 5 6 8 |  8.8
Maces & Flails | 3 |  3.6
Invocations    | 2 4 5 |  5.2
Shields        | |  3.2

Action                   |  1- 3 |  4- 6 |  7- 9 | 10-12 || total
-------------------------+-------+-------+-------+-------++-------
Melee: Long sword        |   114 |   142 |   502 |    62 ||   820
Invok: Bend Time         |       |       |     4 |     6 ||    10
 Abil: Hop               |       |       |     4 |     1 ||     5
Evoke: Wand              |       |       |     8 |     1 ||     9
  Use: Scroll            |       |    10 |     5 |       ||    15
       Potion            |       |       |     1 |     1 ||     2
 Stab: Paralysed         |       |       |     6 |       ||     6
  Eat: Chunk             |     2 |     7 |    14 |       ||    23
       Ration            |       |       |     2 |       ||     2
Armor: Scale mail        |    55 |     6 |    92 |    27 ||   180
       Chain mail        |       |    59 |    90 |       ||   149
       Plate armour      |       |       |    72 |       ||    72
Dodge: Dodged            |    46 |    39 |   178 |    28 ||   291
Block: Shield            |    57 |    61 |   302 |    40 ||   460
       Rpst.: Long sword |    14 |    10 |    50 |     9 ||    83
